 Dungeon Crawl Stone Soup version 0.18.1-50-g88ac8fd (webtiles) character file.

114 Naarciss the Magician (level 4, -7/24 HPs)
             Began as a Deep Elf Wizard on Oct 3, 2016.
             Killed by divine providence
             ... invoked by an orc priest
              (9 damage)
             ... on level 3 of the Dungeon.
             The game lasted 00:22:33 (3478 turns).

Naarciss the Magician (Deep Elf Wizard)             Turns: 3478, Time: 00:22:35

Health: -7/24      AC:  5    Str:  4    XL:     4   Next: 66%
Magic:  1/14       EV: 12    Int: 24    God:
Gold:   125        SH:  0    Dex: 11    Spells: 4 memorised, 7 levels left

rFire  . . .     SeeInvis .     h - +2 dagger (venom)
rCold  . . .     Gourm    .     a - +1 robe
rNeg   . . .     Faith    .     (no shield)
rPois  .         Spirit   .     b - +0 hat
rElec  .         Dismiss  .     n - +0 cloak
rCorr  .         Reflect  .     (no gloves)
SustAt .         Harm     .     p - +0 pair of boots
MR     .....                    (no amulet)
Stlth  ++........               (no ring)
                                y - -2 ring of dexterity

@: not resistant to hostile enchantments, unstealthy
A: no striking features
a: no special abilities


You were on level 3 of the Dungeon.
You were not hungry.

You visited 1 branch of the dungeon, and saw 3 of its levels.

You collected 125 gold pieces.

Inventory:

Hand Weapons
 h - a +2 dagger of venom (weapon)
Armour
 a - a +1 robe (worn)
 b - a +0 hat (worn)
 n - a +0 cloak (worn)
 p - a +0 pair of boots (worn)
Jewellery
 y - a -2 ring of dexterity (left hand)
Scrolls
 d - 2 scrolls of teleportation
 f - 2 scrolls of identify
 j - a scroll of random uselessness
Potions
 e - a potion of agility
 i - a potion of degeneration {unknown}
 k - a potion of cancellation {unknown}
 l - a potion of brilliance {unknown}
 m - 2 potions of heal wounds {unknown}
 q - a potion of resistance {unknown}
 s - a potion of magic {unknown}
 w - a potion of mutation {unknown}
Books
 c - a book of Minor Magic

   Spells                             Type                      Level
   a - Magic Dart                     Conjuration                  1
   b - Blink                          Translocation                2
   c - Call Imp                       Summoning                    2
   d - Repel Missiles                 Charms/Air                   2
   e - Slow                           Hexes                        2
   f - Conjure Flame                  Conjuration/Fire             3
   g - Mephitic Cloud                 Conjuration/Poison/Air       3
 v - a book of Clouds

   Spells                             Type                      Level
   a - Mephitic Cloud                 Conjuration/Poison/Air       3
   b - Conjure Flame                  Conjuration/Fire             3
   c - Poisonous Cloud                Conjuration/Poison/Air       6
   d - Freezing Cloud                 Conjuration/Ice/Air          6
   e - Ring of Flames                 Charms/Fire                  7
 x - a book of Spatial Translocations

   Spells                             Type                      Level
   a - Apportation                    Translocation                1
   b - Blink                          Translocation                2
   c - Shroud of Golubria             Charms/Translocation         2
   d - Portal Projectile              Translocation                3
   e - Teleport Other                 Translocation                3
   f - Passage of Golubria            Translocation                4
Comestibles
 u - a royal jelly


   Skills:
 + Level 0.1 Fighting
 + Level 2.9 Dodging
 + Level 2.8 Stealth
 + Level 6.2 Spellcasting
 + Level 1.9 Conjurations
 + Level 1.7 Summonings
 + Level 1.8 Translocations


You had 7 spell levels left.
You knew the following spells:

 Your Spells              Type           Power        Failure   Level  Hunger
a - Magic Dart            Conj           ###.         4%          1    None
b - Blink                 Tloc           N/A          8%          2    None
c - Call Imp              Summ           ###.....     8%          2    None
d - Mephitic Cloud        Conj/Pois/Air  ##......     21%         3    #......


Dungeon Overview and Level Annotations

Branches:
Dungeon (3/15)

Altars:


Message History

Your crimson imp blinks!
Your crimson imp hits the orc wizard but does no damage.
Your crimson imp disappears in a puff of smoke!
The orc wizard casts a cantrip, but nothing happens.
Your crimson imp closely misses the orc wizard.
Your crimson imp hits the orc wizard but does no damage.
Your crimson imp blinks!
Your crimson imp hits the orc.
Your crimson imp blinks!
The orc wizard barely misses you.
The orc priest closely misses your crimson imp.
Your crimson imp hits the orc.
You hit the orc wizard.
The orc wizard is moderately wounded.
The orc wizard points at you and mumbles some strange words.
The puff of frost hits you!
* * * LOW HITPOINT WARNING * * *
The orc priest invokes the aid of Beogh against you.
Beogh smites you!
You die...

# #.# #.# . #.#
# #.# #.# #.# #
#.# #.# #.# #.#
# #.# #.# #.#
#.# #### #.# #)#
#.# ...# #.##
#.# #.# ##.#
#..# #.# #.# #.#
####.#####.# #.#
#.#
#>5>..@.##.###.#
##.#
#.#####o##.#...#
...# #
#o#....### ##.#
#55..### #.# o
#o#.## #.#
o..o#####o#.#
##.# #ooo{...#.#
...# #########.#
##.# #.#


You could see an orc priest, an orc wizard, 2 orcs and 3 friendly crimson imps.

Vanquished Creatures
  2 adders
  A worm (D:1)
  A dart slug (D:3)
  A giant gecko (D:1)
  An orc (D:3)
  3 giant cockroaches
  6 goblins
  6 hobgoblins
  A jackal (D:3)
  6 bats
  4 giant newts
  4 kobolds
  4 rats
40 creatures vanquished.

Vanquished Creatures (collateral kills)
  A giant frog (D:3)
  An adder (D:2)
  An ooze (D:2)
  4 jackals (D:3)
  A quokka (D:3)
8 creatures vanquished.

Grand Total: 48 creatures vanquished

Notes
Turn   | Place    | Note
--------------------------------------------------------------
     0 | D:1      | Naarciss the Deep Elf Wizard began the quest for the Orb.
     0 | D:1      | Reached XP level 1. HP: 10/10 MP: 7/7
   317 | D:1      | Reached skill level 5 in Spellcasting
   358 | D:1      | Reached XP level 2. HP: 15/15 MP: 6/10
   362 | D:1      | Learned a level 2 spell: Blink
  1400 | D:2      | Reached XP level 3. HP: 19/19 MP: 9/12
  1524 | D:2      | Learned a level 2 spell: Call Imp
  2043 | D:2      | Learned a level 3 spell: Mephitic Cloud
  2892 | D:3      | Reached XP level 4. HP: 24/24 MP: 1/13
  3141 | D:3      | Noticed a giant frog
  3153 | D:3      | Killed a giant frog
  3153 | D:3      | Reached skill level 6 in Spellcasting
  3478 | D:3      | Killed from afar by an orc priest

Skill      XL: |  1  2  3  4 |
---------------+-------------+-----
Spellcasting   | 5 6 |  6.2
Fighting       | |  0.1
Dodging        | |  2.9
Stealth        | |  2.8
Conjurations   | |  1.9
Summonings     | |  1.7
Translocations | |  1.8

Action                   |  1- 3 |  4- 6 || total
-------------------------+-------+-------++-------
Melee: Dagger            |    12 |     1 ||    13
 Cast: Magic Dart        |    86 |    15 ||   101
       Blink             |    14 |     3 ||    17
       Call Imp          |     9 |    16 ||    25
  Use: Scroll            |       |     7 ||     7
 Stab: Distracted        |     1 |       ||     1
  Eat: Bread ration      |     1 |       ||     1
       Fruit             |     3 |       ||     3
       Beef jerky        |     1 |       ||     1
Armor: Robe              |     6 |       ||     6
Dodge: Dodged            |    15 |     7 ||    22
